Map: Ephemeron LE

Players

Stinky

  • Race: Protoss Protoss
  • Spawn Location: 5:00

pHARM - Winner!

  • Race: Zerg Zerg
  • League: Platinum
  • Spawn Location: 11:00

VOD

Have the link to the VOD?

Description

Time

  • Played on: Oct. 6, 2019, 12:08 a.m.
  • Length: 19:59
Show
View Real Time Build Order
Export as new Build Order

Stinky Protoss 

Build Orders: Forge Fast Expand (FFE), Carriers 

Get SALT Encoding   

  12  0:00  Probe (Chrono Boost)  
  13  0:10  Probe (Chrono Boost)  
  14  0:15  Probe (Chrono Boost)  
  15  0:23  Pylon  
  15  0:41  Probe  
  16  0:43  Forge  
  16  0:53  Probe  
  17  1:15  Nexus  
  17  1:18  Pylon  
  17  1:29  Photon Cannon  
  17  1:44  Photon Cannon  
  17  1:51  Gateway  
  17  1:55  Assimilator  
  17  2:08  Photon Cannon  
  17  2:13  Assimilator  
  17  2:16  Probe  
  18  2:26  Photon Cannon  
  18  2:28  Probe  
  19  2:32  Probe  
  20  2:44  Cybernetics Core  
  20  2:45  Probe  
  20  2:49  Probe  
  22  3:00  Pylon  
  22  3:04  Probe x2 (Chrono Boost)  
  26  3:13  Probe (Chrono Boost)  
  26  3:15  Probe (Chrono Boost)  
  26  3:18  Probe (Chrono Boost)  
  27  3:27  Stargate  
  27  3:30  Probe  
  27  3:31  Probe  
  29  3:39  Shield Battery  
  29  3:42  Probe  
  29  3:43  Probe  
  31  3:49  Pylon  
  32  3:55  Probe (Chrono Boost)  
  32  3:56  Probe (Chrono Boost)  
  33  4:05  Pylon  
  33  4:08  Probe (Chrono Boost)  
  34  4:14  Probe (Chrono Boost), Void Ray  
  40  4:17  Probe (Chrono Boost)  
  40  4:22  Protoss Air Weapons Level 1 (Chrono Boost), Probe  
  41  4:31  Assimilator  
  41  4:33  Assimilator  
  41  4:34  Probe  
  42  4:40  Fleet Beacon  
  42  4:42  Probe  
  43  4:46  Probe  
  43  4:52  Stargate  
  44  4:58  Probe  
  45  5:10  Probe  
  46  5:14  Pylon  
  46  5:17  Phoenix (Chrono Boost)  
  48  5:22  Probe  
  48  5:24  Nexus  
  49  5:32  Assimilator  
  49  5:33  Protoss Shields Level 1 (Chrono Boost)  
  49  5:34  Probe  
  49  5:35  Carrier (Chrono Boost)  
  56  5:48  Probe  
  57  5:55  Photon Cannon  
  57  5:56  Pylon  
  57  6:03  Carrier  
  63  6:14  Robotics Facility  
  63  6:18  Pylon  
  63  6:24  Probe  
  64  6:36  Protoss Air Armor Level 1 (Chrono Boost)  
  64  6:39  Probe (Chrono Boost)  
  65  6:40  Assimilator  
  65  6:41  Probe (Chrono Boost)  
  65  6:46  Photon Cannon  
  66  6:48  Pylon  
  66  6:50  Shield Battery  
  66  6:51  Probe (Chrono Boost)  
  66  6:52  Probe (Chrono Boost)  
  68  6:56  Probe (Chrono Boost)  
  68  6:59  Carrier  
  68  7:00  Probe  
  76  7:07  Probe  
  77  7:12  Carrier, Probe  
  84  7:19  Probe  
  85  7:28  Stargate, Pylon  
  85  7:31  Probe  
  85  7:32  Observer  
  87  7:43  Probe  
  88  7:47  Cybernetics Core  
  88  7:49  Pylon  
  88  7:55  Probe  
  89  8:02  Stargate  
  89  8:04  Carrier (Chrono Boost)  
  95  8:08  Probe  
  85  8:20  Probe  
  82  8:30  Carrier (Chrono Boost)  
  82  8:31  Carrier (Chrono Boost)  
  82  8:32  Probe  
  91  8:52  Photon Cannon  
  91  8:54  Photon Cannon  
  91  8:56  Shield Battery  
  91  8:58  Shield Battery  
  91  9:04  Carrier (Chrono Boost)  
  92  9:23  Nexus  
  76  9:37  Probe  
  77  9:49  Probe (Chrono Boost)  
  78  10:01  Probe (Chrono Boost)  
  79  10:08  Probe (Chrono Boost)  
  68  10:31  Carrier  
  58  10:59  Probe (Chrono Boost)  
  59  11:09  Probe (Chrono Boost)  
  61  11:12  Probe (Chrono Boost)  
  61  11:14  Probe (Chrono Boost)  
  62  11:21  Probe (Chrono Boost)  
  64  11:31  Probe (Chrono Boost)  
  64  11:32  Probe (Chrono Boost)  
  65  11:39  Probe x2 (Chrono Boost)  
  68  11:42  Probe (Chrono Boost)  
  68  11:49  Probe (Chrono Boost)  
  68  11:51  Probe (Chrono Boost)  
  68  11:53  Probe (Chrono Boost)  
  71  11:58  Probe (Chrono Boost)  
  71  12:00  Probe (Chrono Boost)  
  73  12:01  Protoss Air Weapons Level 2 (Chrono Boost)  
  73  12:05  Probe (Chrono Boost)  
  76  12:09  Probe (Chrono Boost)  
  76  12:12  Probe (Chrono Boost)  
  76  12:13  Probe (Chrono Boost)  
  78  12:17  Probe (Chrono Boost)  
  78  12:18  Probe (Chrono Boost)  
  79  12:26  Probe, Carrier  
  79  12:28  Probe  
  87  12:32  Assimilator  
  87  12:38  Probe, Phoenix  
  87  12:40  Probe  
  91  12:50  Probe  
  92  12:52  Probe  
  92  12:57  Protoss Air Armor Level 2 (Chrono Boost)  
  92  12:58  Photon Cannon  
  93  13:01  Photon Cannon  
  93  13:04  Probe  
  94  13:07  Void Ray  
  94  13:12  Observer  
  98  13:15  Void Ray  
  98  13:16  Probe  
  103  13:27  Carrier  
  103  13:28  Probe  
  110  13:35  Phoenix  
  112  13:50  Phoenix  
  114  13:58  Phoenix  
  114  13:59  Nexus  
  114  14:00  Stargate  
  114  14:02  Pylon  
  116  14:04  Pylon  
  116  14:16  Phoenix  
  117  14:20  Phoenix  
  117  14:23  Phoenix  
  109  14:31  Phoenix  
  93  14:41  Phoenix  
  89  14:49  Phoenix  
  75  15:00  Phoenix  
  77  15:19  Phoenix  
  79  15:24  Assimilator  
  79  15:28  Phoenix, Assimilator  
  81  15:29  Nexus  
  81  15:31  Assimilator  
  81  15:36  Assimilator  
  81  15:38  Phoenix  
  76  16:05  Phoenix x3  
  70  16:24  Phoenix  
  49  17:07  Probe (Chrono Boost)  
  42  17:17  Probe (Chrono Boost)  
  42  17:22  Probe (Chrono Boost)  
  26  17:34  Probe  
  24  18:05  Probe (Chrono Boost), Nexus  
  24  18:16  Probe (Chrono Boost)  
  24  18:19  Void Ray  
  29  18:21  Probe (Chrono Boost)  
  29  18:26  Forge  
  30  18:32  Probe  
  31  18:37  Nexus  
  31  18:44  Probe  
  32  18:56  Probe, Nexus  
  32  18:58  Pylon  
  32  19:00  Assimilator  
  33  19:05  Assimilator  
  33  19:08  Probe  
  34  19:20  Probe  
  34  19:23  Photon Cannon  
  35  19:32  Probe  
  36  19:44  Probe  
Show
View Real Time Build Order
Export as new Build Order

pHARM Zerg - Winner!

Build Orders: Hatch First 

Get SALT Encoding   

  12  0:01  Drone  
  13  0:15  Overlord  
  13  0:18  Drone  
  14  0:34  Drone x2  
  16  0:50  Hatchery  
  16  0:55  Drone  
  16  0:58  Drone  
  18  1:04  Drone  
  18  1:18  Spawning Pool  
  18  1:19  Drone  
  18  1:23  Drone  
  19  1:32  Drone  
  20  1:44  Overlord  
  20  2:01  Drone  
  20  2:04  Queen x2  
  25  2:14  Drone  
  26  2:17  Drone  
  27  2:23  Overlord, Hatchery  
  26  2:37  Drone x5  
  31  2:46  Drone  
  32  2:55  Overlord  
  32  3:03  Drone x2  
  34  3:08  Drone  
  35  3:13  Queen x2  
  39  3:21  Drone x5  
  39  3:24  Overlord x2  
  44  3:36  Extractor  
  44  3:37  Extractor  
  44  3:38  Extractor  
  44  3:39  Drone x5  
  46  3:42  Queen  
  48  3:49  Drone x3  
  51  4:06  Drone  
  52  4:22  Lair  
  52  4:25  Drone x6  
  52  4:26  Drone x3  
  61  4:49  Evolution Chamber  
  61  4:50  Evolution Chamber  
  59  4:59  Drone x3  
  66  5:00  Drone x4  
  66  5:02  Overlord x4, Extractor  
  66  5:03  Extractor  
  64  5:16  Zerg Ground Armor Level 1  
  64  5:19  Drone x2  
  66  5:25  Infestation Pit  
  66  5:26  Drone  
  66  5:27  Hydralisk Den, Drone  
  66  5:33  Zergling x2  
  66  5:34  Zergling x18  
  76  5:47  Spore Crawler  
  75  5:52  Spore Crawler  
  75  5:54  Metabolic Boost  
  74  5:57  Grooved Spines  
  74  6:00  Drone x2  
  74  6:03  Hive  
  76  6:14  Zerg Melee Weapons Level 1  
  76  6:16  Hydralisk x4  
  84  6:20  Drone x6  
  84  6:22  Overlord x3  
  90  6:47  Spire, Extractor  
  89  6:52  Drone x4  
  92  6:57  Hydralisk x7  
  92  7:01  Overlord x5  
  106  7:08  Hatchery  
  106  7:09  Muscular Augments  
  105  7:23  Drone x4  
  109  7:30  Hydralisk x5  
  119  7:51  Zerg Ground Armor Level 2  
  119  8:01  Hatchery  
  114  8:19  Zergling x40  
  116  8:44  Hydralisk  
  116  8:45  Hydralisk x11  
  140  8:48  Greater Spire  
  140  9:01  Hydralisk  
  140  9:02  Hydralisk x2  
  112  9:24  Lair  
  112  9:25  Corruptor x9  
  124  9:40  Corruptor x2  
  124  9:44  Zergling x2  
  129  9:46  Zergling x18  
  138  10:06  Corruptor x4  
  134  10:22  Corruptor, Infestor  
  124  10:32  Infestor  
  110  10:38  Corruptor x2  
  103  10:54  Infestor  
  102  10:59  Extractor  
  102  11:00  Extractor  
  96  11:06  Zerg Flyer Armor Level 1  
  95  11:18  Corruptor x3  
  100  11:36  Queen  
  100  11:38  Corruptor x4  
  110  11:42  Corruptor  
  110  11:44  Queen x2  
  110  11:45  Queen  
  118  11:50  Extractor  
  117  11:56  Extractor  
  117  12:00  Corruptor x4  
  124  12:04  Overlord x15  
  124  12:12  Queen  
  126  12:20  Queen  
  126  12:21  Corruptor  
  126  12:22  Corruptor x3  
  136  12:43  Drone  
  137  12:45  Drone x5  
  137  12:46  Drone x3  
  145  12:55  Corruptor x8  
  161  13:02  Zerg Flyer Armor Level 2  
  161  13:09  Mutalisk x2  
  165  13:13  Mutalisk  
  167  13:27  Mutalisk x3  
  167  13:28  Mutalisk  
  175  13:44  Zerg Melee Weapons Level 2, Zerg Ground Armor Level 3  
  175  13:53  Mutalisk x2  
  179  14:17  Mutalisk  
  179  14:18  Mutalisk x6  
  171  14:38  Mutalisk x5  
  133  15:00  Zergling x10  
  133  15:01  Zergling x50  
  155  15:21  Zerg Flyer Armor Level 3  
  155  15:23  Zergling x14  
  162  15:46  Adrenal Glands  
  162  15:48  Hatchery  
  157  16:01  Corruptor  
  157  16:02  Corruptor x11  
  165  16:05  Corruptor  
  153  16:24  Zergling x20  
  134  17:04  Overlord x15  
  118  17:18  Corruptor  
  118  17:19  Corruptor x2  
  114  17:43  Zerg Missile Weapons Level 1  
  111  17:53  Corruptor x6  
  122  18:14  Corruptor x3  
  128  18:46  Corruptor x6  
  140  19:09  Corruptor  
  140  19:10  Corruptor x3  
  140  19:15  Corruptor  
Tags
 
Add a new tag
Caveats
  • Supply blocks, unpowered buildings, or Contaminate may cause inaccurate times.
  • Supply counts are checked every 10 seconds.